 Seeded DCSS version 0.29.1-1-gd02db6906a (webtiles) character file.

Game seed: 34000633167620331 (custom seed)

133 GigaChad the Trooper (level 4, -3/45 HPs)
             Began as a Minotaur Fighter on Sept 19, 2022.
             Slain by an iguana (4 damage)
             ... on level 4 of the Dungeon.
             The game lasted 00:05:39 (3770 turns).

GigaChad the Trooper (Minotaur Fighter)             Turns: 3770, Time: 00:05:39

Health: -3/45      AC:  7    Str: 23    XL:     4   Next: 93%
Magic:  3/3        EV:  9    Int:  5    God:
Gold:   74         SH:  5    Dex:  9    Spells: 3/3 levels left

rFire   . . .      SeeInvis .   l - +3 mace of Propriety {holy, Will+}
rCold   . . .      Faith    .   c - +1 buckler
rNeg    . . .      Spirit   .   b - +0 scale mail
rPois   .          Reflect  .   (helmet restricted)
rElec   .          Harm     .   (no cloak)
rCorr   .          Rampage  .   (no gloves)
Will    +....                   (no boots)
Stlth   ..........              (no amulet)
HPRegen 0.15/turn               (no ring)
MPRegen 0.08/turn               (no ring)

@: no status effects
A: horns 2, retaliatory headbutt
a: no special abilities


You were on level 4 of the Dungeon.
You visited 1 branch of the dungeon, and saw 4 of its levels.

You collected 74 gold pieces.

Inventory:

Hand Weapons
 a - a +0 long sword of protection
 l - the +3 mace of Propriety (weapon) {holy, Will+}
   (You took it off Robin on level 3 of the Dungeon)

   It has been blessed by the Shining One to cause great damage to the undead
   and demons.
   Will:      It increases your willpower.
Armour
 b - a +0 scale mail (worn)
 c - a +1 buckler (worn)
Jewellery
 v - a ring of resist corrosion
Wands
 j - a wand of flame (17)
Scrolls
 e - a scroll of silence {unknown}
 h - a scroll of immolation
 i - a scroll of teleportation {unknown}
 k - 2 scrolls of identify
 o - a scroll of blinking {unknown}
 r - a scroll of fear {unknown}
 s - a scroll of fog {unknown}
 t - a scroll of enchant weapon {unknown}
 u - a scroll of torment {unknown}
Potions
 d - a potion of might
 f - a potion of berserk rage {unknown}
 g - a potion of resistance {unknown}
 m - 2 potions of flight {unknown}
 n - a potion of curing {unknown}
 p - a potion of heal wounds {unknown}
 q - 2 potions of attraction {unknown}


   Skills:
 - Level 6.4 Fighting
 - Level 2.4 Long Blades
 - Level 3.9 Armour
 + Level 0.9 Dodging
 - Level 3.8 Shields


You had 3 spell levels left.
You didn't know any spells.
Your spell library was empty.

Dungeon Overview and Level Annotations

Branches:
Dungeon (4/15)
 Temple: D:4-7

Altars:
Elyvilon
Hepliaklqana
Sif Muna
Trog


Innate Abilities, Weirdness & Mutations

You have a pair of horns on your head.
You reflexively headbutt those who attack you in melee.


Message History

The orc hits you with a +1 dagger of venom.
You are poisoned.
The orc misses you.
You sock the orc!
You kill the orc!
You feel sick. The orc hits you but does no damage.
The orc hits you with a +0 club.
You hit the orc. You headbutt the orc, but do no damage.
The orc is heavily wounded.
You feel sick. The orc closely misses you. You furiously retaliate!
You headbutt the orc. You block the orc's attack.
The orc hits you with a +0 club.
You thump the orc!
You kill the orc!
You feel sick. The orc closely misses you. The orc barely misses you.
The iguana hisses menacingly.
You hit the iguana. Your headbutt misses the iguana.
The iguana is moderately wounded.
You feel sick.
You are no longer poisoned.
The orc hits you but does no damage. x2; The iguana bites you!
You block the orc's attack. The iguana bites you! The orc barely misses you.
You sock the orc!
You kill the orc!
The iguana bites you. The orc hits you but does no damage.
The iguana closely misses you. The orc hits you but does no damage.
Things that are here:
a +0 club; an orc corpse You hit the orc.
The orc is severely wounded.
The orc hits you with a +0 club. The iguana bites you.
* * * LOW HITPOINT WARNING * * *
The orc closely misses you. The iguana bites you!
* * * LOW HITPOINT WARNING * * *
You hit the iguana. You headbutt the iguana.
The iguana is severely wounded.
The orc hits you with a +0 club.
* * * LOW HITPOINT WARNING * * *
The iguana bites you.
You die...

..##.......#
<.........#
##........#
#.........#
#.......#
#.<....#
#......#
#)o....#
#@l....#
########


You could see an iguana and an orc.

Vanquished Creatures
  Robin (D:3)
  2 adders
  3 worms
  A dart slug (D:3)
  11 orcs
  5 endoplasms
  4 giant cockroaches
  15 goblins
  6 hobgoblins
  A quokka (D:1)
  10 ball pythons
  7 bats
  6 kobolds (D:1)
  4 rats
76 creatures vanquished.

Notes
Turn   | Place    | Note
-------+----------+-------------------------------------------
     0 | D:1      | GigaChad the Minotaur Fighter began the quest for the Orb.
     0 | D:1      | Reached XP level 1. HP: 19/19 MP: 0/0
    88 | D:1      | Found a faded altar of an unknown god.
   173 | D:1      | Reached XP level 2. HP: 26/27 MP: 1/1
   213 | D:1      | Reached skill level 4 in Fighting
   857 | D:1      | Reached XP level 3. HP: 29/34 MP: 2/2
  1146 | D:2      | Reached skill level 5 in Fighting
  1599 | D:2      | Found a shimmering blue altar of Sif Muna.
  2481 | D:3      | Reached XP level 4. HP: 17/42 MP: 3/3
  2852 | D:3      | Identified the +3 mace of Propriety {holy, Will+}
  2852 | D:3      | Noticed Robin
  2861 | D:3      | Killed Robin
  2862 | D:3      | Reached skill level 6 in Fighting
  3009 | D:3      | Found a bloodstained altar of Trog.
  3621 | D:3      | Found a white marble altar of Elyvilon.
  3645 | D:3      | Found a hazy altar of Hepliaklqana.
  3770 | D:4      | HP: 1/45 [orc/+0 club (2)]
  3770 | D:4      | Slain by an iguana

Illustrated notes

Levels and vault maps discovered:
D:1:      wander_arrival_peaceful_grave, layout_basic,
          ebering_ecumenical_altar_hall, minmay_unequal
D:2:      layout_basic, basic_altar, chequers_serial_rivers_large_b
D:3:      layout_basic, mainiacjoe_overflow_24_doors,
          mainiacjoe_overflow_two_lobes, uniq_robin
D:4:      layout_rooms, nzn_wu_jian_contemplation,
          nicolae_overflow_hidden_temple, minmay_temple_entry_mist

Skill      XL: |  1  2  3  4 |
---------------+-------------+-----
Fighting       | 4 5 6 |  6.4
Long Blades    | |  2.4
Armour         | |  3.9
Dodging        | |  0.9
Shields        | |  3.8

Action                   |  1- 3 |  4- 6 || total
-------------------------+-------+-------++-------
Melee: Long sword        |   126 |    49 ||   175
       Headbutt          |    13 |     6 ||    19
       Mace              |       |    13 ||    13
  Use: Scroll            |     5 |       ||     5
Armor: Scale mail        |    76 |    31 ||   107
Dodge: Dodged            |    94 |    41 ||   135
Block: Buckler           |    41 |    15 ||    56
